 Dungeon Crawl Stone Soup version 0.29-a0-356-g7bc237e783 (webtiles) character file.

Game seed: 3051659537090742923

63 zishaf the Chiller (level 4, -2/39 HPs)
             Began as a Naga Ice Elementalist on Apr 25, 2022.
             Frozen to death by an endoplasm (5 damage)
             ... on level 2 of the Dungeon.
             The game lasted 00:01:38 (1561 turns).

zishaf the Chiller (Naga Ice Elementalist)          Turns: 1561, Time: 00:01:39

Health: -2/39      AC:  2    Str: 10    XL:     4   Next: 10%
Magic:  2/7        EV:  9    Int: 18    God:
Gold:   85         SH:  0    Dex: 11    Spells: 3/7 levels left

rFire   . . .      SeeInvis +   d - +0 short sword
rCold   . . .      Faith    .   (no shield)
rNeg    . . .      Spirit   .   a - +0 robe
rPois   +          Reflect  .   (no helmet)
rElec   .          Harm     .   (no cloak)
rCorr   .          Rampage  .   (no gloves)
Will    .....                   (no barding)
Stlth   ++........              (no amulet)
HPRegen 0.13/turn               (no ring)
MPRegen 0.10/turn               (no ring)

@: about to teleport, very slow
A: AC +1, large, see invisible, deformed body, poison resistance, slowness 2,
spit poison 1, naga tail 1
a: Spit Poison


You were on level 2 of the Dungeon.
You visited 1 branch of the dungeon, and saw 2 of its levels.

You collected 85 gold pieces.

Inventory:

Hand Weapons
 d - a +0 short sword (weapon)
Armour
 a - a +0 robe (worn)
 k - a +1 ring mail of cold resistance
Scrolls
 e - a scroll of silence {unknown}
 f - 2 scrolls of identify {unknown}
 g - a scroll of brand weapon {unknown}
 h - a scroll of fear {unknown}
Potions
 b - 2 potions of magic
 i - 2 potions of curing {unknown}
 j - a potion of attraction {unknown}


   Skills:
 + Level 1.8 Fighting
 - Level 1.5 Dodging
 - Level 3.0 Stealth
 - Level 2.0 Spellcasting
 * Level 5.1 Ice Magic


You had 3 spell levels left.
You knew the following spells:

 Your Spells              Type           Power      Damage    Failure   Level
a - Freeze                Ice            80%        1d9       2%          1
b - Frozen Ramparts       Ice            40%        1d6       7%          3

Your spell library contained the following spells:

 Spells                   Type           Power      Damage    Failure   Level
 Ozocubu's Armour         Ice            20%        N/A       7%          3
 Dazzling Flash           Conj/Hex       2%         N/A       47%         3
 Hailstorm                Conj/Ice       11%        3d5       54%         4
 Agony                    Necr           1%         N/A       99%         5
 Silence                  Hex/Air        0%         N/A       99%         5


Dungeon Overview and Level Annotations

Branches:
Dungeon (2/15)

Altars:
Gozag

Annotations:
D:2 Natasha


Innate Abilities, Weirdness & Mutations

Your serpentine skin is tough. (AC +1)
You have supernaturally acute eyesight. (SInv)
Armour fits poorly on your strangely shaped body.
Your system is resistant to poisons. (rPois)
You cover ground very slowly.
You can spit poison.
You have a snake-like lower body.


Message History

Confirm with . or Enter, or press ? or * to list all spells.
Aiming: Freeze (safe; 2% risk of failure)
Press: ? - help, Shift-Dir - straight line, f/p - Natasha
Aim: Natasha (severely wounded)
You freeze Natasha.
Natasha is almost dead.
Natasha claws you.
* * * LOW HITPOINT WARNING * * *
Casting: Freeze (safe; 2% risk of failure)
Confirm with . or Enter, or press ? or * to list all spells.
Aiming: Freeze (safe; 2% risk of failure)
Press: ? - help, Shift-Dir - straight line, f/p - Natasha
Aim: Natasha (almost dead)
You freeze Natasha!
You kill Natasha!
Natasha growls in agony!
Natasha, Servant of Life and Death comes into view.
The endoplasm closely misses you.
Your Ice Magic skill increases to level 5!
You have reached level 4!
You feel clever.
As you read the scroll labelled YQURUT IRIACE, it crumbles to dust.
You feel strangely unstable.
It was a scroll of teleportation.
The endoplasm hits you.
* * * LOW HITPOINT WARNING * * *
The endoplasm freezes you.
You are frozen.
* * * LOW HITPOINT WARNING * * *
Natasha stares at you and mumbles some strange words.
You resist with some effort. The endoplasm barely misses you.
The endoplasm misses you. The endoplasm attacks as you move away!
The endoplasm barely misses you. The endoplasm attacks as you move away!
The endoplasm hits you but does no damage.
Your surroundings seem slightly different.
As you read the scroll of teleportation, it crumbles to dust.
You feel strangely unstable. The endoplasm freezes you.
You are frozen.
You die...

......................#
.....................##
.........§....#.....##
.......h..###########
.............#
..........##..#
.........## ##
......JJ..# .......@..#
...<......# ......$...#
..........# #...♣.♣...#
#..♣.♣.♣..# ##..♣ ♣...#
#.♣ .##


You could see Natasha and 2 endoplasms.

Vanquished Creatures
  Natasha (D:2)
  An adder (D:2)
  3 ball pythons (D:1)
  3 endoplasms
  3 giant cockroaches (D:1)
  2 goblins (D:1)
  5 hobgoblins
  3 quokkas
  2 frilled lizards
  A kobold (D:1)
  3 rats (D:1)
27 creatures vanquished.

Notes
Turn   | Place    | Note
-------+----------+-------------------------------------------
     0 | D:1      | zishaf the Naga Ice Elementalist began the quest for the
                  | Orb.
     0 | D:1      | Reached XP level 1. HP: 15/15 MP: 3/3
   222 | D:1      | Reached XP level 2. HP: 13/24 MP: 0/5
   621 | D:1      | Reached skill level 1 in Fighting
  1238 | D:1      | Reached XP level 3. HP: 28/31 MP: 6/6
  1242 | D:1      | Learned a level 3 spell: Frozen Ramparts
  1469 | D:2      | Found an opulent altar of Gozag.
  1547 | D:2      | Noticed Natasha
  1556 | D:2      | Killed Natasha
  1556 | D:2      | Noticed Natasha
  1557 | D:2      | Reached skill level 5 in Ice Magic
  1557 | D:2      | Reached XP level 4. HP: 9/39 MP: 1/7
  1561 | D:2      | Frozen to death by an endoplasm

Illustrated notes

Levels and vault maps discovered:
D:1:      sevenhm_arrival_forest_fort_large_4, layout_basic, chequers_arboretum
D:2:      layout_rooms, chequers_ecumenical_altar_simple_redux, basic_altar,
          uniq_jessica, uniq_natasha

Skill      XL: |  1  2  3 |
---------------+----------+-----
Fighting       | 1 |  1.8
Ice Magic      | 5 |  5.1
Dodging        | |  1.5
Stealth        | |  3.0
Spellcasting   | |  2.0

Action                   |  1- 3 |  4- 6 || total
-------------------------+-------+-------++-------
Melee: Short sword       |    27 |       ||    27
 Cast: Freeze            |    33 |       ||    33
 Abil: Spit Poison       |     2 |       ||     2
  Use: Scroll            |       |     2 ||     2
 Stab: Sleeping          |     2 |       ||     2
Armor: Robe              |     6 |     1 ||     7
Dodge: Dodged            |    21 |     3 ||    24

Table legend: (Time is in decaauts)
 A = Elapsed time spent in this place.
 B = Non-inter-level travel time spent in this place.
 C = Inter-level travel time spent in this place.
 D = Time resting spent in this place.
 E = Time spent auto-exploring this place.
 F = Levels seen in this place.
 G = Mean time per level.
                   A        B        C        D        E       F      G
               +--------+--------+--------+--------+--------+-----+--------+
         Total |   1818 |   1735 |     83 |     23 |   1479 |   2 |  909.0 |
       Dungeon |   1818 |   1735 |     83 |     23 |   1479 |   2 |  909.0 |
               +--------+--------+--------+--------+--------+-----+--------+

Top non-repeatable levels by time:
     D:1: 1588 daAuts
     D:2: 229 daAuts
